 Dungeon Crawl Stone Soup version 0.26-a0-1131-g5f66e2dd50 (webtiles) character file.

Game seed: 11582896963362338579

101 Ge0ff the Ruffian (level 4, -2/44 HPs)
             Began as a Troll Berserker on Dec 19, 2020.
             Was a Believer of Trog.
             Slain by Grinder (6 damage)
             ... while paralysed by Grinder
             ... on level 3 of the Dungeon.
             The game lasted 00:07:09 (1395 turns).

Ge0ff the Ruffian (Troll Berserker)                 Turns: 1395, Time: 00:07:09

Health: -2/44      AC:  6    Str: 25    XL:     4   Next: 48%
Magic:  3/3        EV:  1    Int:  3    God:    Trog [**....]
Gold:   115        SH:  0    Dex: 10    Spells: 3/3 levels left

rFire    . . .     SeeInvis .     - Unarmed
rCold    . . .     Faith    .   (no shield)
rNeg     . . .     Spirit   .   a - +0 animal skin
rPois    .         Reflect  .   (helmet restricted)
rElec    .         Harm     .   (no cloak)
rCorr    .         Rampage  .   (gloves unavailable)
Will     .....                  (boots unavailable)
Stlth    +.........             (no amulet)
HPRegen  0.54/turn              (no ring)
MPRegen  0.08/turn              (no ring)

@: paralysed
A: large, unfitting armour, antennae 1, claws 3, hooves 1, regeneration 1,
shaggy fur 1, tough skin 3
a: Renounce Religion, Berserk, Trog's Hand


You were on level 3 of the Dungeon.
You worshipped Trog.
Trog was pleased with you.
You visited 1 branch of the dungeon, and saw 3 of its levels.

You collected 115 gold pieces.

Inventory:

Missiles
 b - 36 poisoned darts
 c - 5 atropa-tipped darts
 g - 2 throwing nets {=f}
 j - 4 boomerangs (quivered)
Armour
 a - a +0 animal skin (worn)
Potions
 f - a potion of curing {unknown}
 h - a potion of heal wounds {unknown}
 i - a potion of berserk rage {unknown}
 k - a potion of attraction {unknown}


   Skills:
 + Level 2.5 Fighting
 + Level 0.4 Throwing
 + Level 2.4 Dodging
 * Level 5.1 Unarmed Combat


You had 3 spell levels left.
You didn't know any spells.
Your spell library was empty.

Dungeon Overview and Level Annotations

Branches:
Dungeon (3/15)

Altars:
Hepliaklqana

Annotations:
D:3 Grinder


Innate Abilities, Weirdness & Mutations

You are too large for most types of armour.
You have claws for hands.
Your natural rate of healing is unusually fast.
You are covered in fur. (AC +1)
You have extremely tough skin. (AC +3)
You have a pair of small antennae on your head.
You have large cloven feet.


Message History

You scratch Grinder but do no damage. Your kick misses Grinder.
Grinder is moderately wounded.
Grinder gestures at you.
You suddenly lose the ability to move!
Grinder hits you! Grinder gestures at you. You resist with significant effort.
Grinder hits you! Grinder hits you.
You writhe in agony.
Grinder hits you!
* * * LOW HITPOINT WARNING * * *
You writhe in agony.
* * * LOW HITPOINT WARNING * * *
Grinder grins, showing sharp teeth.
Grinder hits you.
* * * LOW HITPOINT WARNING * * *
You writhe in agony.
* * * LOW HITPOINT WARNING * * *
Grinder hits you.
You die...

#....#.#..##########..#.#####
#... #.#..# #..#.# ...###.#..#
#..#.# ..........# ###.#..#.#
.......##.# ..#.#..#.#######
..######.... #.#=#..#.......#
..............{#.#.#..#######.#
..###....#....)#.#.#..## #.#
......### .....#@#.....# #.#
......... .....#5#...### #.#
......##$ #.#...# #.# .......#
#.....# #.# .......#
###.#.########.# .......#
#.#......))..# .......# ..
#.#......#####
.......#...#+#####.######.#
.......#..................#


You could see Grinder.

Vanquished Creatures
  3 adders (D:2)
  2 worms (D:3)
  4 dart slugs
  A leopard gecko (D:2)
  5 orcs (D:3)
  4 giant cockroaches (D:1)
  5 hobgoblins
  3 jackals (D:1)
  6 kobolds (D:1)
  7 bats
  3 frilled lizards
  4 goblins
  10 rats
57 creatures vanquished.

Notes
Turn   | Place    | Note
-------+----------+-------------------------------------------
     0 | D:1      | Ge0ff the Troll Berserker began the quest for the Orb.
     0 | D:1      | Reached XP level 1. HP: 22/22 MP: 0/0
   127 | D:1      | Reached XP level 2. HP: 18/29 MP: 1/1
   226 | D:1      | Reached skill level 4 in Unarmed Combat
   295 | D:1      | Reached XP level 3. HP: 36/36 MP: 2/2
   443 | D:1      | Gained mutation: You have large cloven feet. [potion of
                  | mutation]
   443 | D:1      | Gained mutation: You have a pair of small antennae on your
                  | head. [potion of mutation]
   553 | D:2      | Reached ** piety under Trog
   571 | D:2      | Reached XP level 4. HP: 44/44 MP: 3/3
   656 | D:2      | Reached skill level 5 in Unarmed Combat
  1151 | D:3      | Found a hazy altar of Hepliaklqana.
  1379 | D:3      | Noticed Grinder
  1388 | D:3      | Paralysed by Grinder for 7 turns
  1395 | D:3      | Slain by Grinder

Illustrated notes

Levels and vault maps discovered:
D:1:      denvon_arrival_planthouse, layout_rooms,
          chequers_serial_rivers_micro_a
D:2:      layout_loops_cross, chequers_ecumenical_altar_twisty
D:3:      layout_basic, overflow_temple_1_default, uniq_grinder

Skill      XL: |  1  2  3  4 |
---------------+-------------+-----
Unarmed Combat | 4 5 |  5.1
Fighting       | |  2.5
Throwing       | |  0.4
Dodging        | |  2.4

Action                   |  1- 3 |  4- 6 || total
-------------------------+-------+-------++-------
Melee: Unarmed           |    97 |    42 ||   139
       Kick              |     4 |    15 ||    19
Throw: Boomerang         |       |     4 ||     4
  Use: Scroll            |     4 |     4 ||     8
       Potion            |     1 |       ||     1
Armor: Animal skin       |    35 |    10 ||    45
Dodge: Dodged            |    63 |    18 ||    81

Table legend: (Time is in decaauts)
 A = Elapsed time spent in this place.
 B = Non-inter-level travel time spent in this place.
 C = Inter-level travel time spent in this place.
 D = Time resting spent in this place.
 E = Time spent auto-exploring this place.
 F = Levels seen in this place.
 G = Mean time per level.
                   A        B        C        D        E       F      G
               +--------+--------+--------+--------+--------+-----+--------+
         Total |   1386 |   1284 |    102 |      0 |      0 |   3 |  462.0 |
       Dungeon |   1386 |   1284 |    102 |      0 |      0 |   3 |  462.0 |
               +--------+--------+--------+--------+--------+-----+--------+

Top non-repeatable levels by time:
     D:3: 660 daAuts
     D:1: 473 daAuts
     D:2: 253 daAuts
